 Dungeon Crawl Stone Soup version 0.26.1-11-gd32895ea62 (webtiles) character file.

Game seed: 2201821022157855223

329 Zeld the Twirler (level 6, -5/39 HPs)
             Began as an Octopode Gladiator on May 21, 2021.
             Slain by Duvessa
             ... wielding a +0 short sword
              (6 damage)
             ... on level 4 of the Dungeon.
             The game lasted 00:03:39 (4768 turns).

Zeld the Twirler (Octopode Gladiator)               Turns: 4768, Time: 00:03:39

Health: -5/39      AC:  1    Str: 15    XL:     6   Next: 51%
Magic:  6/6        EV: 14    Int: 11    God:
Gold:   85         SH:  0    Dex: 13    Spells: 5/5 levels left

rFire    . . .     SeeInvis .   a - +0 quarterstaff
rCold    . . .     Faith    .   (shield currently unavailable)
rNeg     . . .     Spirit   .   b - +0 hat
rPois    .         Reflect  .   (no amulet)
rElec    .         Harm     .   (no ring)
rCorr    .         Rampage  .   (no ring)
Will     .....                  (no ring)
Stlth    ++........             (no ring)
HPRegen  0.13/turn              (no ring)
MPRegen  0.10/turn              (no ring)
                                (no ring)
                                (no ring)

@: mighty, brilliant
A: almost no armour, stealthy swim, amphibious, 8 rings, constrict 8, camouflage
1, gelatinous body 1
a: no special abilities


You were on level 4 of the Dungeon.
You visited 1 branch of the dungeon, and saw 4 of its levels.

You collected 154 gold pieces.
You spent 69 gold pieces at shops.

Inventory:

Hand Weapons
 a - a +0 quarterstaff (weapon)
Missiles
 c - 5 throwing nets
 f - 47 poisoned darts (quivered)
 v - 5 silver boomerangs
Armour
 b - a +0 hat (worn)
Jewellery
 l - an uncursed ring of poison resistance {unknown}
 q - an uncursed amulet of faith {unknown}
Wands
 z - a wand of flame (24)
Scrolls
 d - 3 scrolls of teleportation {unknown}
 g - 2 scrolls of identify {unknown}
 k - 3 scrolls of remove curse {unknown}
 m - 2 scrolls of immolation {unknown}
 o - 2 scrolls of amnesia {unknown}
 p - 2 scrolls of random uselessness {unknown}
 s - a scroll of fog {unknown}
 t - a scroll of magic mapping {unknown}
 w - a scroll of enchant armour {unknown}
 y - a scroll of silence {unknown}
Potions
 e - a potion of might
 h - a potion of resistance {unknown}
 i - a potion of brilliance
 j - 3 potions of degeneration {unknown}
 r - a potion of flight {unknown}
 u - a potion of heal wounds {unknown}
 x - a potion of ambrosia {unknown}


   Skills:
 - Level 2.0 Fighting
 * Level 7.1 Staves
 - Level 2.0 Throwing
 - Level 3.0 Dodging


You had 5 spell levels left.
You didn't know any spells.
Your spell library was empty.

Dungeon Overview and Level Annotations

Branches:
Dungeon (4/15)
 Temple: D:4-7

Altars:
Elyvilon
Wu Jian
Zin

Shops:
D:4 *

Annotations:
D:4 Dowan, Duvessa


Innate Abilities, Weirdness & Mutations

You cannot wear most types of armour.
You are very stealthy in the water. (Stealth+)
You are amphibious.
You can wear up to eight rings at the same time.
You can use your tentacles to constrict eight enemies at once.
Your skin changes colour to match your surroundings (Stealth+).
Your rubbery body absorbs attacks. (AC +1, EV +1)


Message History

You constrict Duvessa.
Duvessa drinks a potion.
Duvessa is healed!
You feel better.
You constrict Duvessa. Duvessa closely misses you.
Dowan casts a spell.
Dowan blinks!
Duvessa hits you with a +0 short sword.
* * * LOW HITPOINT WARNING * * *
You feel better.
You constrict Duvessa. Duvessa closely misses you.
Dowan hits you with a +0 dagger.
* * * LOW HITPOINT WARNING * * *
You release your grip on Duvessa.
Duvessa hits you with a +0 short sword.
* * * LOW HITPOINT WARNING * * *
It was a potion of might.
You feel very mighty all of a sudden. Duvessa hits you with a +0 short sword.
* * * LOW HITPOINT WARNING * * *
Dowan gestures wildly while chanting.
Dowan blinks!
It was a potion of brilliance.
You feel clever all of a sudden. Duvessa hits you with a +0 short sword.
You die...

....#
#####.#######
#.#.#######
#...###
#.#.......#
####.....#
#.#######.#
#......#.#
#.# #.#
#.###.##.#
#.# #.# #.#
#....# #.#
#.#
#.###.####
#.# #.#
#.e...# ..#
#.# ###@###
#.######e#
#)#.....ยง#
#.#.######
#.#.###
#.....#
###.#.# #.#.#
#.#.#


You could see Duvessa (fast) and Dowan.

Vanquished Creatures
  2 orc priests
  Ijyb (D:4)
  Terence (D:2)
  An orc wizard (D:4)
  A worker ant (D:4)
  3 gnolls (D:2)
  5 adders
  An ooze (D:3)
  2 worms (D:3)
  A dart slug (D:1)
  3 leopard geckos (D:2)
  13 orcs
  6 bats
  5 giant cockroaches
  4 goblins
  8 hobgoblins
  5 frilled lizards
  10 kobolds
  5 rats
77 creatures vanquished.

Notes
Turn   | Place    | Note
-------+----------+-------------------------------------------
     0 | D:1      | Zeld the Octopode Gladiator began the quest for the Orb.
     0 | D:1      | Reached XP level 1. HP: 14/14 MP: 1/1
    49 | D:1      | Reached XP level 2. HP: 12/19 MP: 2/2
   441 | D:1      | Reached skill level 4 in Staves
   551 | D:1      | Reached XP level 3. HP: 24/24 MP: 3/3
   867 | D:2      | Found an ornate altar of the Wu Jian Council.
   891 | D:2      | Noticed Terence
   901 | D:2      | Killed Terence
  1300 | D:2      | Reached XP level 4. HP: 24/29 MP: 4/4
  1829 | D:2      | Reached skill level 5 in Staves
  2086 | D:2      | Found a white marble altar of Elyvilon.
  2558 | D:3      | Found a glowing silver altar of Zin.
  2582 | D:3      | Reached XP level 5. HP: 27/34 MP: 5/5
  3032 | D:3      | Reached skill level 6 in Staves
  4062 | D:4      | Reached XP level 6. HP: 32/39 MP: 6/6
  4553 | D:4      | Found Umeapt's Assorted Antiques.
  4556 | D:4      | Bought a scroll labelled ZAUH XUEMOA for 24 gold pieces
  4556 | D:4      | Bought a ruby potion for 21 gold pieces
  4556 | D:4      | Bought a scroll labelled JIODWU GEUTHUS for 24 gold pieces
  4619 | D:4      | Noticed Ijyb
  4631 | D:4      | Killed Ijyb
  4632 | D:4      | Reached skill level 7 in Staves
  4726 | D:4      | Noticed Dowan
  4729 | D:4      | Noticed Duvessa
  4762 | D:4      | HP: 1/39 [Duvessa/+0 short sword (7)]
  4767 | D:4      | HP: 1/39 [Duvessa/+0 short sword (3)]
  4768 | D:4      | Slain by Duvessa

Illustrated notes

Levels and vault maps discovered:
D:1:      elethiomel_arrival_quiet, layout_basic, minmay_small_reverse_x
D:2:      layout_basic, lemuel_doored_altar, chequers_garden,
          chequers_serial_rivers_small_b, elyvilon_altar_1, uniq_terence
D:3:      layout_basic, lemuel_round_altar, minmay_box_of_dots
D:4:      layout_loops_ring, gammafunk_temple_overflow_elements, serial_shops,
          kennysheep_mini, uniq_duvessa, uniq_ijyb

Skill      XL: |  1  2  3  4  5  6 |
---------------+-------------------+-----
Staves         | 4 5 6 7 |  7.1
Fighting       | |  2.0
Throwing       | |  2.0
Dodging        | |  3.0

Action                   |  1- 3 |  4- 6 || total
-------------------------+-------+-------++-------
Melee: Quarterstaff      |    59 |   122 ||   181
       Constrict         |    14 |    28 ||    42
       Tentacles         |     4 |    24 ||    28
  Use: Potion            |       |     4 ||     4
 Stab: Sleeping          |     3 |     5 ||     8
Armor: Skin              |     6 |     5 ||    11
Dodge: Dodged            |    42 |    69 ||   111
